[Event "*** Titled Tuesday Blitz"]
[Site "Chess.com"]
[Date "2020.05.12"]
[Round "1"]
[White "DanielDardha2005"]
[Black "Trickov"]
[Result "1-0"]
[WhiteElo "2621"]
[BlackElo "2300"]
[TimeControl "180+1"]
[EndTime "10:08:59 PDT"]
[Termination "DanielDardha2005 won on time"]

1. Nf3 d5 2. c4 c6 3. g3 Nf6 4.
Bg2 Bf5 5. Qb3 Qb6 6. d3 e6 7.
Be3 Qxb3 8. axb3 a6 9. Nc3 Nbd7 10.
O-O h6 11. Ra4 Be7 12. Rfa1 O-O 13. Nh4 Bh7 14. h3 Rac8 15. b4 Rfe8 16. b3 Bf8 17. Bd2 Nb6 18. R4a2 Bxb4 19. Nf3 Nbd7 20. Ne1 Nc5 21. Rb1 Ncd7 22. Nc2 Bf8 23. Kf1 Nb6 24. Ke1 e5 25. Na4 Nbd7 26. Nc3 e4 27. dxe4 Nxe4 28. Nxe4 Bxe4 29. Bxe4 Rxe4 30. cxd5 cxd5 31. e3 Ne5 32. Ke2 Nc6 33. Kd3 f5 34. Bc3 g6 35. Rd1 Bg7 36. Bxg7 Kxg7 37. Ke2 Rd8 38. Kf1 d4 39. Nxd4 Nxd4 40.
Rad2 Nc6 41. Rxd8 Nxd8 42. Rxd8 Rb4 43. Rd3 Kf6 44. Ke2 Ke5 45. f4+ Ke6 46. Kf3 g5 47. g4 gxf4 48. exf4 fxg4+ 49. hxg4 a5 50. Re3+ Kf6 51. Rc3 Ke6 52. Re3+ Kf6 53. Kg3 b5 54.
Rc3 a4 55. bxa4 bxa4 56. Rc6+ Kg7 57. Ra6 Rb3+ 58. Kh4 a3 59. f5 Kh7 60. Ra7+ Kg8 61.
Kh5 Rh3+ 62. Kg6 Kf8 63. Ra8+ Ke7 64. f6+ Kd6 65. f7 Rg3 66. f8=Q+ 1-0

[Event "*** Titled Tuesday Blitz"]
[Site "Chess.com"]
[Date "2020.05.12"]
[Round "1"]
[White "chegueps"]
[Black "mshuaau0"]
[Result "1-0"]
[WhiteElo "2520"]
[BlackElo "2165"]
[TimeControl "180+1"]
[EndTime "10:08:59 PDT"]
[Termination "chegueps won by checkmate"]

1. b3 d5 2. Bb2 c5 3. Nf3 Nc6 4. e3 a6 5. Be2 Nf6 6. O-O e6 7.
d4 cxd4 8. exd4 Be7 9. Nbd2 O-O 10. c4 b6 11. a3 Bb7 12. Rc1 Rc8 13. Qc2 h6 14.
Qb1 Qd7 15. Rfd1 Rfd8 16. Ne5 Qe8 17. Bf3 Ba8 18. h3 Nxe5 19. dxe5 Nd7 20. cxd5 Bxd5 21.
Bxd5 exd5 22. Qf5 Rxc1 23. Rxc1 Bg5 24. f4 Be7 25. b4 Nf8 26. Nf3 Ne6 27. Nd4 Nxd4 28.
Bxd4 b5 29. Rc7 Bf8 30. Kh2 g6 31. Qf6 Bg7 32. Qxa6 g5 33. g3 gxf4 34. gxf4 Ra8 35. Ra7 Rxa7 36. Qxa7 Qc8 37. Kg3 Qc1 38. Qa8+ Kh7 39.
Qxd5 Qxa3+ 40. Qf3 Qxb4 41. Qe4+ Kg8 42. f5 Qb3+ 43.
Kh4 Qc4 44. Qa8+ Kh7 45. Qe4 Bf8 46. e6 f6 47. e7 Bxe7 48. Qxe7+ Kg8 49. Qe8+ Kg7 50.
Qg6+ Kf8 51. Qxf6+ Qf7 52. Qxf7+ Kxf7 53. Kh5 Ke7 54. Kxh6 Kd6 55. Kg7 Kd5 56. Ba1 b4 57. f6 b3 58. f7 Kc4 59. f8=Q b2 60. Bxb2 Kb3 61. Bf6 Kc2 62. h4 Kd3 63. h5 Ke4 64.
h6 Kf3 65. h7 Ke2 66. h8=Q Kd1 67. Qf7 Kc2 68. Kg8 Kd2 69. Kf8 Ke3 70. Qhg7 Kd3 71. Bg5 Ke4 72. Bh6 Kd3 73. Qe6 Kc2 74. Qgd7 Kb1 75.
Qec6 Ka2 76. Qdb7 Ka1 77. Qca6# 1-0

[Event "*** Titled Tuesday Blitz"]
[Site "Chess.com"]
[Date "2020.05.12"]
[Round "1"]
[White "Gerodot71"]
[Black "AnthonyWirig"]
[Result "1/2-1/2"]
[WhiteElo "2463"]
[BlackElo "2609"]
[TimeControl "180+1"]
[EndTime "10:09:02 PDT"]
[Termination "Game drawn by repetition"]

1. d4 Nf6 2. c4 e6 3. Nf3 Bb4+ 4. Bd2 Qe7 5. g3 Nc6 6. Bg2 Bxd2+ 7. Qxd2 Ne4 8. Qc2 Qb4+ 9. Nbd2 Nxd2 10. Qxd2 Qxc4 11. O-O Qb4 12. Qf4 Qd6 13. Qg4 O-O 14. Rac1 f5 15.
Qh4 h6 16. Rfd1 b6 17. Ne5 Bb7 18. Nc4 Qb4 19. a3 Qa4 20. Ne5 Rad8 21. Nxc6 Bxc6 22. Bxc6 dxc6 23. Qf4 Rd6 24. e4 fxe4 25. Qxe4 Qb5 26. Rd2 Qd5 27. Qe2 c5 28. Rcd1 cxd4 29. Rxd4 Qxd4 30. Rxd4 Rxd4 31. Qxe6+ Kh8 32. Qe7 Rfd8 33. Qxc7 R4d7 34. Qc3 Rf7 35. Kg2 Rdf8 36. f4 Re8 37.
h4 Rfe7 38. Kh3 Re3 39. Qc7 R3e7 40. Qc3 Kg8 41. h5 Rd8 42. Kg4 Red7 43. Qc4+ Kh8 44. Qc3 Rd5 45. Qc7 R5d7 46. Qc3 Rf8 47. Qc6 Rdf7 48.
Qg6 Rf6 49. Qd3 a5 50. Qd4 Re8 51. b4 axb4 52. axb4 Ref8 53. Qc4 Rd8 54. Qc7 Rfd6 55.
Qc4 Rd4 56. Qc7 R4d6 57. Qc4 Kh7 58. Qc2+ Kh8 59. Qc7 R8d7 60. Qc4 Kh7 61. Qc2+ Rd3 62. Qc6 R3d6 63. Qc2+ Kg8 64. Qc8+ Kf7 65. Qc4+ Kf8 66.
Qc8+ Rd8 67. Qc2 Kg8 68. Qc4+ Kh8 69. Qc7 b5 70. Qc5 Rd5 71. Qc2 Rd4 72. Qc5 R8d5 73.
Qc8+ Kh7 74. Qc2+ Rd3 75. Qc6 Rd2 76. Qg6+ Kg8 77. Qe8+ Kh7 78. Qg6+ Kh8 79. Qe8+ Kh7 80. Qg6+ 1/2-1/2

[Event "*** Titled Tuesday Blitz"]
[Site "Chess.com"]
[Date "2020.05.12"]
[Round "1"]
[White "coalescenet"]
[Black "AVolodin"]
[Result "1-0"]
[WhiteElo "2342"]
[BlackElo "2633"]
[TimeControl "180+1"]
[EndTime "10:09:09 PDT"]
[Termination "coalescenet won by resignation"]

1. d4 d5 2. c4 e6 3. Nc3 Nf6 4. Bg5 Be7 5. cxd5 exd5 6. e3 O-O 7. Bd3 c6 8. Qc2 h6 9. Bh4 Nbd7 10. Nge2 Re8 11. O-O Ne4 12. Bxe7 Qxe7 13. Rae1 Ndf6 14. Nxe4 dxe4 15. Bc4 Bf5 16. Ng3 Bg6 17. a4 h5 18.
Qd1 h4 19. Nh1 Rad8 20. Qe2 Bh5 21. Qc2 Qd6 22. f4 exf3 23. gxf3 c5 24. dxc5 Qe5 25. f4 Qc7 26. b4 a5 27. b5 Kh8 28. Be2 Bg6 29. Qc1 Ne4 30. c6 Nd2 31. Rf2 Rxe3 32.
Rd1 Qd6 33. c7 Rc8 34. Qxd2 Qxd2 35. Rxd2 Rxc7 36. Rf1 Bf5 37. Nf2 Ra3 38. Rd5 g6 39. b6 Rc2 40. Bb5 Raa2 41. Bd3 Rd2 42. Be4 Rxd5 43. Bxd5 Rb2 44. Bxb7 Rxb6 45. Bd5 Rb4 46. Bc6 Rxf4 47. Re1 Rc4 48. Bb5 Rc3 49. Kg2 h3+ 50. Kg1 Kg7 51. Rd1 Ra3 52. Nd3 Bg4 53.
Rd2 Be6 54. Kf2 Bf5 55. Ne5 f6 56. Nc4 Rc3 57. Ne3 Be6 58. Nf1 f5 59. Rd6 Bf7 60. Rd7 Kf6 61. Ra7 g5 62. Rxa5 Rc2+ 63. Kg3 f4+ 64.
Kf3 Bd5+ 65. Kg4 Be6+ 66. Kf3 Bd5+ 67. Kg4 Be6+ 68. Kf3 Rc3+ 69. Kf2 Rc2+ 70. Ke1 Ke5 71. Bd3+ Kd4 72. Bxc2 g4 73. Bg6 Bc4 74. Ra6 Ke5 75.
Ra5+ Kd4 76. Bf5 g3 77. Bxh3 gxh2 78. Nxh2 Ke3 79. Ra7 Kd4 80. Re7 Kd5 81. Kf2 Kd6 82. Re1 Kc5 83. Nf3 Bb3 84. Ra1 Kb6 85. Nd2 Ka6 86. Nxb3 1-0

[Event "*** Titled Tuesday Blitz"]
[Site "Chess.com"]
[Date "2020.05.12"]
[Round "1"]
[White "Ranindu2003"]
[Black "Anton_Demchenko"]
[Result "1-0"]
[WhiteElo "2450"]
[BlackElo "2831"]
[TimeControl "180+1"]
[EndTime "10:09:10 PDT"]
[Termination "Ranindu2003 won by resignation"]

1. e4 e5 2. Nf3 Nc6 3. Bb5 a6 4.
Ba4 Nge7 5. c3 d6 6. d4 Bd7 7. O-O Ng6 8. h3 Be7 9. Bc2 O-O 10. Be3 exd4 11. Nxd4 Re8 12. Nd2 Nxd4 13. cxd4 c5 14. f4 Bb5 15. Rf2 Bh4 16. Rf3 cxd4 17. Bxd4 Rc8 18. Nb3 Bc6 19. Nd2 Bf6 20. Bc3 Bxc3 21. bxc3 b5 22. Kh1 Bb7 23. Qf1 Qh4 24. g3 Qf6 25. Qd3 Rc7 26. Re1 Rec8 27. Nb1 Rc4 28. Kh2 h5 29. e5 Qd8 30. e6 Ne7 31. exf7+ Kxf7 32. Rfe3 R8c7 33. Nd2 Rxc3 34. Qxc3 Rxc3 35. Rxc3 Qa5 36. Rd3 Qb4 37. Re2 d5 38. Nf3 Nc6 39. Ng5+ Kf8 40. Rxd5 Qc3 41. Rd3 Qb4 42. Nh7+ Kf7 43.
Ng5+ Kf8 44. Ne6+ Kf7 45. Rd7+ Ne7 46. Ng5+ Kf8 47. Rdxe7 Bc6 48. Rf7+ Kg8 49. Rfe7 Kf8 50. Rf7+ Kg8 51. Bh7+ Kh8 52. Rf8+ Qxf8 53. Bg6 h4 54. Nf7+ Kg8 55. Ng5 hxg3+ 56. Kxg3 Qa3+ 57. Kg4 Bd7+ 58. Kh5 Qd6 59. Bf7+ Kf8 60. Bg6 Kg8 61. Bh7+ Kh8 62. Nf7+ Kxh7 63. Nxd6 b4 64. Re7 Ba4 65. Ne8 Kg8 66.
Nxg7 Kf8 67. Rb7 Bc2 68. Ne6+ Ke8 69. Nd4 a5 70. Nxc2 1-0

[Event "*** Titled Tuesday Blitz"]
[Site "Chess.com"]
[Date "2020.05.12"]
[Round "1"]
[White "abykhovsky"]
[Black "Opening_Prep"]
[Result "1-0"]
[WhiteElo "2664"]
[BlackElo "2340"]
[TimeControl "180+1"]
[EndTime "10:09:12 PDT"]
[Termination "abykhovsky won by resignation"]

1. d4 Nf6 2. Nf3 e6 3. c4 d5 4. Nc3 a6 5. cxd5 exd5 6. Bg5 c6 7. e3 Be7 8. Bd3 O-O 9. Qc2 h6 10. Bf4 a5 11. h3 Na6 12. a3 Nc7 13. Ne5 Ne6 14. Bh2 c5 15. dxc5 d4 16. exd4 Nxd4 17. Qd1 Be6 18. O-O Nb3 19. Rb1 Nxc5 20. Be2 a4 21.
Bf3 Qa5 22. Qc2 Rac8 23. Rfe1 Rfd8 24. Rbd1 Bb3 25. Rxd8+ Rxd8 26. Qb1 Rd2 27. Ng4 Qd8 28. Nxf6+ Bxf6 29. Bc7 Qd7 30. Bf4 Rd3 31. Bg4 Ne6 32. Ne4 Bd4 33. Bxe6 Qb5 34. Nd6 Bxf2+ 35. Kxf2 Qc5+ 36.
Be3 Qxd6 37. Bxb3 axb3 38. Kg1 Qd5 39. Qc1 f6 40. Bf4 Kh7 41. Qb1 f5 42. Be3 Qe4 43. Bf2 Qd5 44. Qc1 Rd2 45. Qc3 Rc2 46. Qd4 Qc6 47.
Re7 Qg6 48. Qe5 Rc1+ 49. Kh2 Rc2 50. Qd4 b5 51. Rb7 Re2 52. Rxb5 f4 53. Qxf4 Qc2 54.
Qf5+ Qxf5 55. Rxf5 Rxb2 56. Bd4 Rd2 57. Bc3 Rc2 58. Bd4 Rc4 59. Bb2 Rc2 60. Be5 Rc5 61. g4 b2 62. Bxb2 Rc2+ 63. Kg3 Rxb2 64. Rf3 Ra2 65.
Kf4 Kg6 66. Ke4 Kg5 67. Kd4 g6 68. Kc4 h5 69. gxh5 Kxh5 70. Kb5 Rb2+ 71. Ka5 g5 72. a4 Kh4 73. Ka6 Ra2 74. a5 Ra1 75. Rb3 Ra4 76.
Kb6 Rf4 77. a6 Rf6+ 78. Ka5 Rf5+ 79. Ka4 Rf7 80. Ka5 Rf5+ 81. Rb5 Rf1 82. Kb6 Ra1 83. a7 Rxa7 84. Kxa7 1-0

[Event "*** Titled Tuesday Blitz"]
[Site "Chess.com"]
[Date "2020.05.12"]
[Round "1"]
[White "NemtsevIgor"]
[Black "LizaSolovyova"]
[Result "1/2-1/2"]
[WhiteElo "2276"]
[BlackElo "2579"]
[TimeControl "180+1"]
[EndTime "10:09:16 PDT"]
[Termination "Game drawn by stalemate"]

1. d4 f5 2. Nc3 Nf6 3. Bg5 e6 4. e4 Be7 5. Bxf6 Bxf6 6. Nf3 O-O 7. Bd3 d5 8. exf5 exf5 9. O-O c6 10. Ne5 Bxe5 11. dxe5 Be6 12. f4 Qb6+ 13. Kh1 Qxb2 14. Ne2 c5 15. Rb1 Qxa2 16. Nc3 Qa5 17. Nb5 Nc6 18. Nd6 c4 19. Nxb7 Qc3 20. Be2 Rab8 21. Nc5 Rxb1 22. Qxb1 Nd4 23. Nxe6 Nxe6 24. Bf3 Rd8 25.
Qb7 Nxf4 26. e6 Nxe6 27. Bxd5 Qe5 28. Bxc4 Kh8 29. Qxa7 Nd4 30. Bd3 Rf8 31. Qb6 Ne6 32.
Qc6 Ng5 33. Qd7 Ne4 34. Bxe4 Qxe4 35. c4 h6 36. c5 Rf6 37. h3 f4 38. c6 Rxc6 39.
Qd8+ Kh7 40. Qh4 Rf6 41. Qg4 Qe3 42. Qf3 Qxf3 43. Rxf3 g5 44. Rc3 Kg6 45. Kh2 Kh5 46. Rc5 Re6 47. Rb5 Re2 48. Kg1 Rc2 49. Rb6 Ra2 50.
Kf1 Ra1+ 51. Kf2 Ra2+ 52. Kg1 Ra3 53. Kf2 Rg3 54. Ra6 Rb3 55. Rc6 g4 56. Rc5+ Kh4 57.
hxg4 Kxg4 58. Rc6 Rb2+ 59. Kf1 h5 60. Rg6+ Kf5 61. Rh6 Kg5 62. Rh8 Kh4 63. Rg8 Rb1+ 64.
Kf2 Rb3 65. Rg7 Rg3 66. Rf7 Rg4 67. Kf3 Kg5 68. Rg7+ Kf5 69. Rf7+ Ke5 70. Rf8 Rg3+ 71. Kf2 h4 72. Rh8 h3 73. Rxh3 Rxh3 74. gxh3 Kf5 75. h4 Kg4 76. h5 Kxh5 77. Kf3 Kg5 78. Kf2 Kf5 79. Kf3 Ke5 80. Kf2 Ke4 81. Ke2 f3+ 82. Kf2 Kf4 83. Kf1 Kg3 84. Kg1 f2+ 85. Kf1 Kf3 1/2-1/2

[Event "*** Titled Tuesday Blitz"]
[Site "Chess.com"]
[Date "2020.05.12"]
[Round "1"]
[White "MightyGMpretender"]
[Black "Richarzard69"]
[Result "1/2-1/2"]
[WhiteElo "2571"]
[BlackElo "2258"]
[TimeControl "180+1"]
[EndTime "10:09:20 PDT"]
[Termination "Game drawn - insufficient material"]

1. d4 Nf6 2. c4 c5 3. d5 e6 4. Nc3 exd5 5. cxd5 d6 6. Nf3 g6 7. Nd2 Bg7 8. e4 a6 9. a4 O-O 10. Be2 Re8 11. O-O Nbd7 12. h3 Qc7 13. Qc2 Rb8 14.
Ra3 b6 15. Rb3 c4 16. Bxc4 Nc5 17. Ra3 Nh5 18. Be2 Nf4 19. Bg4 Bxg4 20. hxg4 Nfd3 21.
Nb3 Nxc1 22. Rxc1 Nxe4 23. Nxe4 Qxc2 24. Rxc2 Rxe4 25. Nd2 Rd4 26. Rac3 Be5 27. Rc7 Rxd5 28. g3 Rc5 29. Nf3 Rxc7 30. Rxc7 Bxb2 31. Ng5 b5 32. axb5 axb5 33. Nxf7 Bg7 34. Nxd6 b4 35. Rc1 b3 36.
Ne4 b2 37. Rb1 Rc8 38. Kg2 Rc1 39. Nd2 Bc3 40. Kf3 Bxd2 41. Rxb2 Bh6 42. Kg2 Rc7 43. Re2 Bg7 44. g5 Kf7 45. Rb2 Re7 46.
Rc2 Be5 47. f4 Bd6 48. Kf3 Bb4 49. Rb2 Bc3 50. Rb3 Bd2 51. Rd3 Bc1 52. Rc3 Bd2 53.
Rd3 Bb4 54. Rb3 Bc5 55. Rd3 Ba7 56. Rb3 Rc7 57. Rd3 Bc5 58. Rb3 Be7 59. Rd3 Ra7 60. Kg4 Ra3 61. Rd7 Ke6 62. Rb7 Kf7 63. Rd7 Re3 64.
Rb7 Rc3 65. Ra7 Rc1 66. Rb7 Rc2 67. Ra7 Rh2 68. Rb7 h5+ 69. gxh6 Rxh6 70. Ra7 Rh1 71.
Rb7 Rc1 72. Ra7 Rc3 73. Rb7 Ra3 74. Rc7 Kf6 75. Rc6+ Kf7 76. Rc7 Rd3 77. Rb7 Rd6 78.
Rb3 Rd7 79. Kf3 Ra7 80. Kg4 Kg7 81. Kf3 Kf6 82. g4 Kf7 83. Ke4 Ra4+ 84. Kf3 Ra3 85. Rxa3 Bxa3 86. Ke4 Bd6 87. Kf3 Kf6 88. Ke4 Bb8 89. Kf3 Ke6 90. f5+ gxf5 91. gxf5+ Kf6 92. Ke4 Bc7 93. Kf3 Kxf5 1/2-1/2

[Event "*** Titled Tuesday Blitz"]
[Site "Chess.com"]
[Date "2020.05.12"]
[Round "1"]
[White "Zakaryan_David"]
[Black "pirulillo"]
[Result "0-1"]
[WhiteElo "2505"]
[BlackElo "2184"]
[TimeControl "180+1"]
[EndTime "10:09:24 PDT"]
[Termination "pirulillo won by checkmate"]

1. d4 Nf6 2. c4 g6 3. Nc3 Bg7 4.
e4 d6 5. Nf3 O-O 6. h3 e5 7. d5 Nh5 8. g3 Qe8 9. Be2 f5 10. exf5 gxf5 11. Nh4 Nf6 12. Qc2 e4 13. Be3 Na6 14. a3 Nc5 15. Ng2 a5 16. O-O-O Bd7 17.
Nf4 b6 18. Rdg1 Qe5 19. Rd1 a4 20. Kb1 Nb3 21. Nb5 Bxb5 22. cxb5 Rf7 23. Bc4 Nd7 24. Ne6 Ndc5 25. Nd4 Re8 26. Nxb3 axb3 27. Bxb3 Nd3 28. Rd2 Ra8 29. Ka2 Nb4+ 30. Kb1 Nxc2 31. Rxc2 Rxa3 32.
Rc3 Ra5 33. Rd1 Rxb5 34. Kc2 Qxc3+ 35. bxc3 Be5 36. c4 Ra5 37. Bd2 Ra7 38. g4 f4 39.
h4 e3 40. fxe3 fxe3 41. Bxe3 Bf4 42. Bd4 Be5 43. Be3 Rf3 44. Re1 Ra8 45. Kd3 Raf8 46. Bd1 Rg3 47. Ke4 Re8 48. Kf5 Bg7 49. Bf2 Rxe1 50. Bxe1 Rg1 51. Bd2 Rxd1 52. Bg5 Rd4 53. Ke6 Rxc4 54. Bd8 b5 55. g5 b4 56. h5 b3 57. h6 b2 58. hxg7 b1=Q 59. Bf6 Qg6 60. Kd7 Rd4 61. Kc6 Rxd5 62. Kxc7 Kf7 63. Kc6 Qxg7 64.
Kxd5 Qxf6 65. gxf6 Kxf6 66. Kxd6 Kf5 67. Kd5 Kf4 68. Kd4 h5 69. Kd3 Kf3 70. Kd2 h4 71.
Ke1 Kg2 72. Ke2 h3 73. Ke3 h2 74.
Ke2 h1=Q 75. Ke3 Qf1 76. Ke4 Qf3+ 77. Ke5 Qg4 78. Kd5 Qf4 79. Kc5 Qe4 80. Kd6 Qf5 81.
Kc6 Qe5 82. Kb6 Qd5 83. Kc7 Qe6 84. Kb7 Qd6 85. Ka8 Qd7 86. Kb8 Kf3 87. Ka8 Ke4 88.
Kb8 Kd5 89. Ka8 Kc6 90. Kb8 Kb6 91. Ka8 Qc8# 0-1

[Event "*** Titled Tuesday Blitz"]
[Site "Chess.com"]
[Date "2020.05.12"]
[Round "1"]
[White "michaelk123"]
[Black "top_bu_tz"]
[Result "1-0"]
[WhiteElo "2536"]
[BlackElo "2197"]
[TimeControl "180+1"]
[EndTime "10:09:32 PDT"]
[Termination "michaelk123 won by resignation"]

1. e4 e5 2. Nf3 Nc6 3. Bb5 Nf6 4. O-O Nxe4 5. d4 Nd6 6. Bxc6 dxc6 7. dxe5 Nf5 8.
Qxd8+ Kxd8 9. h3 h5 10. Nc3 Be7 11. Bf4 Be6 12. Ng5 Rh6 13. Nxe6+ Rxe6 14. Rfe1 h4 15.
a3 Ke8 16. Rad1 g5 17. Bh2 Rd8 18. Rxd8+ Kxd8 19. Ne4 Rg6 20. Rd1+ Kc8 21. f3 Rg8 22. Kf1 Rd8 23. Rxd8+ Kxd8 24. Ke2 Kd7 25. Kd3 Ke6 26.
c4 c5 27. Nc3 c6 28. Ne4 Ng7 29. Bg1 b6 30. Be3 Kxe5 31. Nxg5 f6 32. f4+ Kf5 33. Nf3 Kg6 34. Nxh4+ Kh5 35. Bf2 f5 36. Nxf5 Nxf5 37. g4+ Kg6 38. gxf5+ Kxf5 39. Bg3 Bf6 40. b3 Bb2 41. a4 Bc1 42. Bh4 Bxf4 43. Bd8 Bd6 44. Ke3 Be5 45. h4 Bf4+ 46. Kf3 Bd6 47. h5 Be5 48. h6 Kg6 49. Ke4 Bh2 50. Be7 Kxh6 51. Kf5 Kg7 52. Ke6 Kg6 53. Bd6 Bg1 54.
Bb8 a6 55. Ba7 b5 56. Kd6 bxa4 57. bxa4 Kf5 58. Bxc5 Bh2+ 59. Kxc6 Ke5 60. Kb6 Ke6 61. Bb4 Kd7 62. c5 a5 63. Bxa5 Bc7+ 64. Kb5 Bb8 65. Bb6 Kc8 66. c6 Bd6 67. a5 Kb8 68. a6 Ka8 69.
Kc4 Bb8 70. Kd5 Bh2 71. Ke6 Bb8 72. Kd7 Bh2 73. Bc7 Bg1 74. Bd6 Bb6 75. Bc5 Ba5 76. Bd4 Kb8 77. Be3 Ka8 78. Bd2 Bb6 79. Bc3 Kb8 80.
Be5+ Ka8 81. Kd6 Kb8 82. Kd5+ Ka8 83. Kc4 Bd8 84. Kb5 Ka7 85. Bd4+ Ka8 86. Bb6 Bc7 87. Bxc7 Ka7 88. Bb6+ Ka8 89. Ba5 Ka7 90. c7 1-0

[Event "*** Titled Tuesday Blitz"]
[Site "Chess.com"]
[Date "2020.05.12"]
[Round "1"]
[White "AndriiTop"]
[Black "Riazantsev"]
[Result "0-1"]
[WhiteElo "2324"]
[BlackElo "2651"]
[TimeControl "180+1"]
[EndTime "10:09:34 PDT"]
[Termination "Riazantsev won on time"]

1. e4 Nf6 2. e5 Nd5 3. d4 d6 4. Nf3 g6 5. Bc4 Nb6 6. Bb3 Bg7 7. O-O O-O 8. h3 c5 9. dxc5 dxc5 10. Na3 Nc6 11. Qe2 Na5 12. e6 f5 13. c3 Nxb3 14. axb3 Qd5 15. Nb5 Qxe6 16. Qxe6+ Bxe6 17. Nc7 Bxb3 18.
Nxa8 Rxa8 19. Be3 Nd7 20. Nd2 Bd5 21. Rfd1 e5 22. Nb3 Bc6 23. Nxc5 Nxc5 24. Bxc5 a6 25. Rd2 Bf6 26. Rad1 Kf7 27. Kf1 Re8 28. Rd7+ Bxd7 29. Rxd7+ Ke6 30. Rxb7 Kd5 31. Ba3 h5 32. Rb6 Bg5 33.
Rxg6 Bc1 34. Rxa6 e4 35. Ke2 f4 36. Ra5+ Kc6 37. Rc5+ Kb6 38. Rxh5 Rd8 39. Re5 e3 40. fxe3 Bxe3 41. Rxe3 fxe3 42. Kxe3 Kc6 43. g4 Kd5 44. Kf4 Rh8 45. Kg3 Ke4 46. h4 Rd8 47. h5 Rd1 48.
Kh4 Kf4 49. Kh3 Rh1+ 50. Kg2 Rh4 51. g5 Rxh5 52. Be7 Rh7 53. Bf6 Rd7 54. Kf2 Rd2+ 55. Ke1 Rg2 56. Kd1 Ke4 57. Kc1 Kd3 58. Kb1 Kc4 59.
Be5 Rxg5 60. Bf6 Rg6 61. Be5 Kb3 62. Bd4 Rg2 63. Kc1 Rxb2 64. Kd1 Ra2 65. Ke1 Kc4 66. Kf1 Kd3 67. Kg1 Ke4 68. Bc5 Kf3 69. Bd4 Ra1+ 70.
Kh2 Rc1 71. Bg7 Rc2+ 72. Kh3 Rg2 73. Bd4 Rg6 74. Kh2 Rh6+ 75. Kg1 Rh4 76. Bb6 Rg4+ 77. Kf1 Re4 78. Bd4 Re2 79. Kg1 Rc2 80. Kh1 Kg3 81. Be5+ Kg4 82. Kg1 Kf3 83. Bd4 Rg2+ 84. Kf1 Rg8 85.
Be5 Re8 86. Bd4 Re2 87. Kg1 Rc2 88. Kh1 Ra2 89. Kg1 Re2 90. Kh1 Kg3 0-1

[Event "*** Titled Tuesday Blitz"]
[Site "Chess.com"]
[Date "2020.05.12"]
[Round "1"]
[White "El_ultimo_Pablo"]
[Black "snowlord"]
[Result "1/2-1/2"]
[WhiteElo "2413"]
[BlackElo "2759"]
[TimeControl "180+1"]
[EndTime "10:09:37 PDT"]
[Termination "Game drawn by repetition"]

1. d4 Nf6 2. Nf3 e6 3. Bg5 h6 4. Bh4 d6 5. Nbd2 g5 6. Bg3 Nh5 7.
e3 Bg7 8. Bd3 Nd7 9. c3 Qe7 10.
e4 a6 11. Qe2 c5 12. e5 Nxg3 13. hxg3 cxd4 14. cxd4 g4 15. Nh2 dxe5 16. dxe5 Nxe5 17. Nxg4 Nxd3+ 18. Qxd3 Bxb2 19. Rb1 Bg7 20. Ne4 f5 21. Nd6+ Kf8 22. Ne3 b5 23. a4 bxa4 24. O-O Kg8 25. Nxc8 Rxc8 26. Qxa6 Kh7 27. Qxa4 Rhd8 28. Qf4 Qg5 29.
Rfd1 Qxf4 30. gxf4 Rd4 31. g3 Rc3 32. Rxd4 Bxd4 33.
Re1 Kg6 34. Kg2 Kf6 35. Kf3 h5 36. Rh1 Kg6 37. Ke2 Ra3 38. Kf3 Bc5 39. Rc1 Bd4 40. Rc6 Kf7 41. Rc7+ Kg6 42. Re7 Kf6 43. Rh7 Kg6 44.
Re7 Ra6 45. Nc4 Bf6 46. Re8 Rc6 47. Ne3 h4 48. gxh4 Bxh4 49. Rg8+ Kf7 50. Rh8 Bf6 51. Rh7+ Kg6 52. Rd7 Ra6 53. Rb7 Ra2 54. Rb6 Kf7 55. Rb7+ Be7 56. Rd7 Kf6 57. Rb7 Bc5 58. Rc7 Bd4 59.
Rd7 Bc5 60. Rc7 Ra5 61. Rc8 Rb5 62. Rc7 Bb6 63. Rc6 Ke7 64. Rc3 Bd4 65. Rd3 Bb6 66.
Ra3 Kd6 67. Rd3+ Kc5 68. Rd7 Kc6 69. Re7 Kd6 70. Re8 Rb4 71. Rg8 Bxe3 72. fxe3 Ke7 73.
Rc8 Kf7 74. Rc7+ Kf6 75. Rc6 Rb1 76. Rc2 Rf1+ 77. Kg2 Ra1 78. Kf2 Rb1 79. Re2 Rb8 80. Rd2 Rh8 81. Kg3 Rg8+ 82. Kf3 Rh8 83. Kg3 Rg8+ 84.
Kf3 Rb8 85. Re2 Rb6 86. Rg2 Rb3 87.
Rh2 Rb1 88. Rh6+ Ke7 89. Rh2 Kd6 90. Rd2+ Ke7 91. Rc2 Kf6 92. Kf2 Rb8 93. Kg2 Rg8+ 94.
Kf2 Rh8 95. Kg2 Rg8+ 96. Kf2 Rh8 97. Kg2 Rg8+ 1/2-1/2

[Event "*** Titled Tuesday Blitz"]
[Site "Chess.com"]
[Date "2020.05.12"]
[Round "1"]
[White "Alomaterapia"]
[Black "TigrVShlyape"]
[Result "0-1"]
[WhiteElo "2422"]
[BlackElo "2828"]
[TimeControl "180+1"]
[EndTime "10:09:41 PDT"]
[Termination "TigrVShlyape won by checkmate"]

1. d4 Nf6 2. Bg5 d5 3. e3 c5 4.
Bxf6 gxf6 5. dxc5 e6 6. c4 dxc4 7. Nd2 c3 8. bxc3 Bxc5 9. Ngf3 Nc6 10. Qc2 O-O 11. Bd3 h6 12. O-O b6 13. Ne4 Be7 14. Ng3 Bb7 15. Rfd1 Qc7 16. Qa4 f5 17. e4 f4 18. Nh5 Rad8 19. Ba6 Ba8 20. g3 fxg3 21. hxg3 Ne5 22. Be2 Bc6 23. Qc2 Nxf3+ 24.
Bxf3 Qe5 25. Nf4 Bf6 26. Ne2 Rxd1+ 27. Rxd1 Rd8 28. Rxd8+ Bxd8 29. Nd4 Bb7 30. Qa4 Bf6 31. Qe8+ Kg7 32. Qd7 Bxe4 33. Bxe4 Qxe4 34. Qxa7 Bxd4 35. cxd4 Qxd4 36. a4 h5 37. Qa8 h4 38. gxh4 Qxh4 39. Kf1 Qc4+ 40. Kg1 Qd5 41. Qa6 Qd4 42. Qb5 f5 43.
Qe8 Qg4+ 44. Kf1 Qc4+ 45. Kg1 Kf6 46. Qh8+ Ke7 47. Qg7+ Kd6 48. Qf8+ Kc7 49. Qe7+ Kb8 50. Qd8+ Kb7 51. Qd7+ Ka6 52. Qe8 Qd5 53. Qc8+ Ka5 54.
Qc7 Qc5 55. Qa7+ Kb4 56. a5 Qxa5 57. Qe7+ Qc5 58. Qxe6 b5 59. Qe1+ Ka4 60. Qa1+ Qa3 61. Qd1+ Qb3 62. Qd7 Qc2 63. Qa7+ Kb3 64. Qe7 b4 65.
Qe6+ Ka3 66. Kg2 b3 67. Qa6+ Kb2 68. Kg3 Qe4 69. Qf6+ Kb1 70. Qa6 b2 71. f3 Qe3 72.
Qa5 f4+ 73. Kg4 Kc1 74. Qc7+ Kd1 75. Qb7 Kc2 76. Qc6+ Qc3 77. Qe4+ Kb3 78. Qb7+ Qb4 79. Qd5+ Kc2 80. Qf5+ Kd2 81. Qd5+ Ke2 82. Qa2 Ke3 83.
Qb1 Qd2 84. Qe4+ Kf2 85. Kh3 Qe3 86. Qf5 Qxf3+ 87. Kh4 Qh1+ 88. Kg4 Qf3+ 89. Kh4 Qe3 90. Qb1 f3 91. Kg4 Qd4+ 92. Kh3 Qh8+ 93. Kg4 Qg7+ 94.
Kh3 Qg3# 0-1

[Event "*** Titled Tuesday Blitz"]
[Site "Chess.com"]
[Date "2020.05.12"]
[Round "1"]
[White "VitaliyBernadskiy"]
[Black "Isajevsky_Anton"]
[Result "1/2-1/2"]
[WhiteElo "2744"]
[BlackElo "2406"]
[TimeControl "180+1"]
[EndTime "10:09:47 PDT"]
[Termination "Game drawn - insufficient material"]

1. e4 c5 2. Nf3 d6 3. d4 cxd4 4. Nxd4 Nf6 5. Nc3 a6 6. Be3 e5 7. Nf3 Qc7 8. h3 h6 9. Nd2 Be6 10. g4 Nbd7 11. Bg2 Be7 12. O-O Nb6 13. a4 Nc4 14. Nxc4 Qxc4 15. Re1 O-O 16. a5 Rac8 17. Qd2 Rfd8 18. Bb6 Re8 19. Rec1 Bd7 20. Be3 Red8 21. Nd5 Nxd5 22. exd5 Re8 23. c3 f5 24. b3 Qc7 25.
gxf5 Bxf5 26. c4 Qd7 27. Kh2 Rf8 28. b4 Rf6 29. c5 Rcf8 30. c6 Qc8 31. b5 axb5 32. cxb7 Qxb7 33. a6 Qa8 34. a7 Rg6 35.
Rg1 Bg5 36. Bh1 Bxe3 37. Qxe3 Rgf6 38. Qb6 Bd7 39. Ra2 Rf4 40. Qxd6 Rxf2+ 41. Rxf2 Rxf2+ 42. Rg2 Qxa7 43. Qxe5 Rxg2+ 44. Bxg2 Qc5 45. Qb8+ Kf7 46. Qf4+ Kg8 47. Qb8+ Kf7 48. Qd8 Qd6+ 49. Kh1 b4 50.
Qh4 g5 51. Qe4 b3 52. Qf3+ Qf6 53. Qxb3 Qa1+ 54. Kh2 Qe5+ 55. Kg1 Qe1+ 56. Bf1 Qe5 57. Qf3+ Qf6 58. Qe3 Qf4 59. Qd3 Qe5 60. Qh7+ Ke8 61.
Qd3 Ke7 62. Bg2 Kd6 63. Qg6+ Kc5 64. Qc2+ Kd6 65. Qd2 Qf4 66. Qe2 Qd4+ 67. Kh1 Qe5 68. Qa6+ Ke7 69. Qa3+ Qd6 70. Qe3+ Kf6 71. Be4 Kg7 72.
Kg2 Qe5 73. Qd3 g4 74. hxg4 Bxg4 75. d6 h5 76. d7 Bxd7 77. Qxd7+ Kf6 78. Qc6+ Qe6 79.
Qc3+ Qe5 80. Qf3+ Kg5 81. Qe3+ Qf4 82. Qc5+ Kf6 83. Bf3 h4 84. Qc6+ Ke7 85. Kf1 Kf7 86. Qd5+ Ke7 87. Ke2 Kf6 88. Qh5 Qe5+ 89. Qxe5+ Kxe5 90.
Kf2 h3 91. Kg3 h2 92. Kxh2 1/2-1/2

[Event "*** Titled Tuesday Blitz"]
[Site "Chess.com"]
[Date "2020.05.12"]
[Round "1"]
[White "Fighter008"]
[Black "the_drake"]
[Result "1/2-1/2"]
[WhiteElo "2532"]
[BlackElo "2211"]
[TimeControl "180+1"]
[EndTime "10:09:56 PDT"]
[Termination "Game drawn by repetition"]

1. e4 e5 2. Nf3 Nc6 3. Nc3 Nf6 4. Bb5 a6 5. Bxc6 dxc6 6. Nxe5 Nxe4 7. Nxe4 Qd4 8. O-O Qxe5 9. Re1 Be6 10. d4 Qd5 11. Bg5 Bd6 12. b3 h6 13. c4 Qf5 14. Bh4 O-O 15.
Qd2 a5 16. Nxd6 cxd6 17. Be7 Rfe8 18. Bxd6 Rad8 19. Be5 Qg6 20. Qxa5 Bh3 21. Bg3 Be6 22. Qc3 h5 23. Re3 Ra8 24. a4 b5 25. axb5 cxb5 26.
Rae1 Rec8 27. c5 Bd5 28. Re5 Rd8 29. Qe3 f6 30. Re7 Ra3 31. Qf4 Rxb3 32. Qc7 Rf8 33. Qd7 Ba8 34. c6 Rb1 35. d5 h4 36. Bxh4 b4 37. h3 b3 38. Qe6+ Kh7 39. Rxb1 Qxb1+ 40. Qe1 Qf5 41. Qe4 Qxe4 42. Rxe4 Rd8 43. c7 Rc8 44. d6 Bxe4 45. d7 Rxc7 46. d8=Q b2 47. Qxc7 b1=Q+ 48. Kh2 Bg6 49. Bxf6 Kh6 50. Qxg7+ Kh5 51.
Qh8+ Bh7 52. Qxh7+ Qxh7 53. Be5 Qf7 54. Bg3 Kg6 55.
Kg1 Qd7 56. Kh2 Kh7 57. Kg1 Kg6 58. Kh2 Kh5 59. Kg1 Qd5 60. Kh2 Qd1 61. Bf4 Qf1 62.
Bg3 Kg5 63. f3 Kf5 64. Bb8 Ke6 65. Bg3 Kd5 66. Bf4 Kd4 67. Kg3 Qe1+ 68. Kg4 Qe6+ 69. Kg3 Qg6+ 70. Kh2 Qc2 71. h4 Kd5 72. h5 Ke6 73. h6 Qf5 74. Kg3 Qh5 75. Kf2 Kf6 76.
g4 Qh4+ 77. Ke3 Kg6 78. Ke4 Qe1+ 79. Be3 Qb4+ 80. Bd4 Qb5 81. Be3 Qb7+ 82. Kf4 Qf7+ 83. Kg3 Qd7 84. f4 Kh7 85. f5 Qd3 86. Kf3 Qd5+ 87. Kf4 Qd6+ 88. Kf3 Qd5+ 89. Kg3 Qd6+ 90. Kf3 Qd5+ 1/2-1/2